 Dungeon Crawl Stone Soup version 0.31-a0-182-gc5ef74bbde (webtiles) character file.

Game seed: 6707275324793413146

713 qw the Chopper (level 7, -3/44 HPs)
             Began as a Gargoyle Fighter on June 21, 2023.
             Slain by an ogre
             ... wielding a +0 giant club
              (28 damage)
             ... on level 5 of the Dungeon.
             The game lasted 00:02:09 (4245 turns).

qw the Chopper (Gargoyle Fighter)                   Turns: 4245, Time: 00:02:10

Health: -3/44      AC: 15    Str: 22    XL:     7   Next: 69%
Magic:  7/7        EV: 13    Int:  8    God:
Gold:   32         SH:  4    Dex:  9    Spells: 6/6 levels left

rFire   . . .        Y - +0 war axe
rCold   . . .        c - +0 buckler
rNeg    + . .        i - +0 chain mail
rPois   inf          e - +0 helmet
rElec   +            (no cloak)
rCorr   .            (no gloves)
SInv    .            (no boots)
Will    .....        (no amulet) Stlth
                     h - +5 ring of evasion
HPRegen 0.27/turn    (no ring)
MPRegen 0.10/turn

%: no passive effects
@: no status effects
A: sickness immunity, AC +4, negative energy resistance 1, electricity
resistance, torment resistance 1, petrification resistance
a: no special abilities


You were on level 5 of the Dungeon.
You visited 1 branch of the dungeon, and saw 5 of its levels.

You collected 200 gold pieces.
You spent 168 gold pieces at shops.


Innate Abilities, Weirdness & Mutations

You are immune to sickness and miasma.
Your stone body is resilient. (AC +4)
You are immune to poison.
You resist negative energy. (rN+)
You are resistant to electric shocks. (rElec)
You are resistant to unholy torment.
You are immune to petrification.


   Skills:
 + Level 4.3 Fighting
 - Level 7.0 Axes
 - Level 3.2 Armour
 - Level 1.6 Dodging
 - Level 3.2 Shields


You had 6 spell levels left.
You didn't know any spells.
Your spell library was empty.

Inventory:

Hand Weapons
 g - a +0 flail
 Y - a +0 war axe (weapon)
Armour
 c - a +0 buckler (worn)
 e - a +0 helmet (worn)
 i - a +0 chain mail (worn)
Jewellery
 h - a +5 ring of evasion (left hand)
Scrolls
 a - 2 scrolls of identify
Potions
 b - a potion of haste {unknown}
 d - a potion of might
 f - 3 potions of attraction
 j - a potion of curing
 k - a potion of berserk rage {unknown}
 l - a potion of cancellation
 m - a potion of mutation {unknown}

Dungeon Overview and Level Annotations

Branches:
Dungeon (5/15)
 Temple: D:4-7

Altars:
Nemelex Xobeh

Shops:
D:3 =   D:5 !(

Annotations:
D:3 2 transporters, 1 runed translucent door, Crazy Yiuf; qw's ghost, amateur NaHu


Message History

Enter note:
Enter note:
a - 2 scrolls of identify (gained 1)
Found a stone staircase leading up.
Enter note:
Enter note:
Enter note:
Found a stone staircase leading down.
Enter note:
Enter note:
Enter note: You now have 32 gold pieces (gained 13).
Found 3 stones.
Enter note:
Enter note:
Enter note:
Found an escape hatch in the floor.
Enter note:
Enter note:
Enter note:
There is a dry fountain here.
An ogre comes into view. It is wielding a +0 giant club.
Enter note:
Enter note:
Enter note:
Enter note:
Enter note:
Enter note:
4240 ||| Stepping ~*~*~tactically~*~*~ (stealth).
There is a dry fountain here.
The ogre shouts!
You hit the ogre but do no damage.
The ogre hits you with a +0 giant club!!
You hear an angry growl.
You slash the ogre!
The ogre is heavily wounded.
A black bear comes into view.
The ogre hits you with a +0 giant club!!
Ouch! That really hurt!
You die...

### #####
..#...#...######
}...}.O@}......#
######
..#...#...####.##
#..... ##h #####
#..###.#### #.
##.##.#.### ..
#...###... ..
###..#.### #
#.#.#### #.#.##..
....>...


You could see a black bear and an ogre.

Vanquished Creatures
  Sigmund (D:3)
  An ogre (D:4)
  A scorpion (D:5)
  3 hounds
  An orc priest (D:4)
  An iguana (D:4)
  An orc wizard (D:4)
  A sleepcap (D:4)
  Robin (D:3)
  8 adders
  An ufetubus (D:2)
  A worm (D:4)
  2 dart slugs
  11 orcs
  7 ball pythons
  6 endoplasms
  9 giant cockroaches
  15 goblins
  4 hobgoblins
  6 jackals
  4 quokkas
  5 bats
  5 frilled lizards
  7 kobolds
  7 rats
109 creatures vanquished.

Notes
Turn   | Place    | Note
-------+----------+-------------------------------------------
     0 | D:1      | qw the Gargoyle Fighter began the quest for the Orb.
     0 | D:1      | Reached XP level 1. HP: 14/14 MP: 1/1
     0 | D:1      | 0 ||| qw: Version: 0.3-a-9-g12657ce
     0 | D:1      | 0 ||| qw: Game counter: 1572
     0 | D:1      | 0 ||| qw: Always use a shield: true
     0 | D:1      | 0 ||| qw: God list: Okawaru
     0 | D:1      | 0 ||| qw: Allow faded altars: false
     0 | D:1      | 0 ||| qw: Do Orc after D:15 true
     0 | D:1      | 0 ||| qw: Do second Lair branch before Depths: true
     0 | D:1      | 0 ||| qw: Lair rune preference: random
     0 | D:1      | 0 ||| qw: Plans: Normal, Zot:1-4, Slime:5, God:TSO, Crypt,
                  | Tomb, Abyss, Pan, Hells, Win
     0 | D:1      | 0 ||| PLANNING D:1-11
    98 | D:1      | Reached skill level 2 in Axes
   200 | D:1      | Reached XP level 2. HP: 9/19 MP: 2/2
   425 | D:1      | Reached skill level 3 in Axes
   552 | D:1      | Reached XP level 3. HP: 23/23 MP: 3/3
   829 | D:1      | 829 ||| DROPPING ring of magical power.
   830 | D:1      | 830 ||| UPGRADING to +5 ring of evasion.
   831 | D:1      | 831 ||| READING 2 scrolls labelled YZAEQY VIME.
  1485 | D:2      | 1485 ||| READING scroll labelled YNUUZO VIFI.
  1489 | D:2      | 1489 ||| READING scroll labelled PURHOF XUMIJ.
  1535 | D:3      | 1535 ||| STAIRDANCE
  1542 | D:2      | Reached XP level 4. HP: 24/28 MP: 4/4
  1549 | D:2      | Reached skill level 4 in Axes
  1738 | D:3      | Found a transporter.
  1744 | D:3      | Noticed qw's ghost (amateur NaHu)
  1787 | D:3      | Found a transporter.
  1958 | D:3      | Noticed Robin
  1959 | D:3      | 1959 ||| Stepping ~*~*~tactically~*~*~ (stealth).
  1963 | D:3      | 1963 ||| Stepping ~*~*~tactically~*~*~ (hiding).
  1973 | D:3      | Killed Robin
  1986 | D:3      | Reached XP level 5. HP: 20/32 MP: 5/5
  1994 | D:3      | 1994 ||| FLEEEEING.
  1995 | D:3      | 1995 ||| FLEEEEING.
  1996 | D:3      | 1996 ||| FLEEEEING.
  1997 | D:3      | 1997 ||| FLEEEEING.
  1999 | D:3      | 1999 ||| FLEEEEING.
  2000 | D:3      | 2000 ||| FLEEEEING.
  2001 | D:3      | 2001 ||| FLEEEEING.
  2002 | D:3      | 2002 ||| FLEEEEING.
  2004 | D:3      | 2004 ||| FLEEEEING.
  2006 | D:3      | 2006 ||| FLEEEEING.
  2014 | D:3      | 2014 ||| STAIRDANCE
  2034 | D:2      | 2034 ||| READING 2 scrolls of identify.
  2034 | D:2      | 2034 ||| IDENTIFYING green potion
  2035 | D:2      | 2035 ||| DROPPING potion of brilliance.
  2183 | D:3      | Noticed Sigmund
  2198 | D:3      | HP: 6/32 [Sigmund/+2 scythe of venom (3)]
  2201 | D:3      | HP: 1/32 [Sigmund/magic dart (3)]
  2203 | D:3      | Killed Sigmund
  2204 | D:3      | Reached skill level 5 in Axes
  2204 | D:3      | Reached XP level 6. HP: 2/37 MP: 6/6
  2355 | D:3      | Found Tuafuura's Jewellery Emporium.
  2358 | D:3      | 2358 ||| SHOPLISTING +4 ring of protection (396 gold, have
                  | 104).
  2358 | D:3      | 2358 ||| SHOPLISTING +6 ring of dexterity (396 gold, have
                  | 104).
  2358 | D:3      | 2358 ||| SHOPLISTING +6 ring of strength (396 gold, have
                  | 104).
  2358 | D:3      | 2358 ||| SHOPLISTING amulet of faith (440 gold, have 104).
  2358 | D:3      | 2358 ||| SHOPLISTING amulet of the acrobat (330 gold, have
                  | 104).
  2358 | D:3      | 2358 ||| SHOPLISTING ring of positive energy (220 gold,
                  | have 104).
  2399 | D:3      | Found a runed translucent door.
  2400 | D:3      | Noticed Crazy Yiuf
  2784 | D:3      | 2784 ||| UPGRADING to +0 helmet.
  2825 | D:4      | 2825 ||| PLANNING SEWER
  2825 | D:4      | 2825 ||| Stepping ~*~*~tactically~*~*~ (hiding).
  2978 | D:4      | 2978 ||| Stepping ~*~*~tactically~*~*~ (stealth).
  3108 | D:4      | HP: 1/38 [ogre/+0 giant club (20)]
  3110 | D:4      | Reached skill level 1 in Dodging
  3275 | D:4      | Reached skill level 6 in Axes
  3275 | D:4      | Reached XP level 7. HP: 37/43 MP: 7/7
  3295 | D:4      | 3295 ||| DROPPING +0 club.
  3298 | D:4      | 3298 ||| DROPPING +0 whip.
  3371 | D:4      | 3371 ||| Stepping ~*~*~tactically~*~*~ (hiding).
  3373 | D:4      | 3373 ||| Stepping ~*~*~tactically~*~*~ (hiding).
  3387 | D:4      | 3387 ||| FLEEEEING.
  3388 | D:4      | 3388 ||| FLEEEEING.
  3389 | D:4      | 3389 ||| FLEEEEING.
  3390 | D:4      | 3390 ||| FLEEEEING.
  3391 | D:4      | 3391 ||| FLEEEEING.
  3392 | D:4      | 3392 ||| FLEEEEING.
  3393 | D:4      | 3393 ||| FLEEEEING.
  3396 | D:4      | 3396 ||| FLEEEEING.
  3397 | D:4      | 3397 ||| FLEEEEING.
  3398 | D:4      | 3398 ||| FLEEEEING.
  3399 | D:4      | 3399 ||| STAIRDANCE
  3532 | D:3      | 3532 ||| UPGRADING to +0 chain mail.
  3542 | D:3      | 3542 ||| DROPPING +0 scale mail.
  3543 | D:3      | 3543 ||| DRINKING 2 orange potions.
  3579 | D:4      | 3579 ||| RIP SEWER
  3580 | D:4      | 3580 ||| PLANNING D:1-11
  3660 | D:4      | 3660 ||| Stepping ~*~*~tactically~*~*~ (water).
  3866 | D:4      | Found a sparkling altar of Nemelex Xobeh.
  3869 | D:4      | 3869 ||| READING scroll labelled PEUMYU AZXADGH.
  3870 | D:4      | 3870 ||| DRINKING 2 bubbling grey potions.
  3891 | D:5      | Entered Level 5 of the Dungeon
  3896 | D:5      | 3896 ||| STAIRDANCE
  4024 | D:5      | Found Sutsipt's Distillery.
  4036 | D:5      | Reached skill level 7 in Axes
  4067 | D:5      | 4067 ||| BUYING potion of attraction (36 gold).
  4067 | D:5      | Bought a potion of attraction for 36 gold pieces
  4067 | D:5      | 4067 ||| BUYING potion of attraction (36 gold).
  4067 | D:5      | Bought a potion of attraction for 36 gold pieces
  4067 | D:5      | 4067 ||| BUYING potion of cancellation (96 gold).
  4067 | D:5      | Bought a potion of cancellation for 96 gold pieces
  4067 | D:5      | 4067 ||| SHOPLISTING potion of enlightenment (60 gold, have
                  | 19).
  4067 | D:5      | 4067 ||| SHOPLISTING potion of lignification (36 gold, have
                  | 19).
  4067 | D:5      | 4067 ||| SHOPLISTING potion of magic (96 gold, have 19).
  4086 | D:5      | Found Ywukil's Antique Weapon Shoppe.
  4240 | D:5      | 4240 ||| Stepping ~*~*~tactically~*~*~ (stealth).
  4245 | D:5      | Slain by an ogre

Levels and vault maps discovered:
D:1:      dpeg_arrival_arbitrary_b, layout_basic, st_stairs_12
D:2:      layout_loops_cross
D:3:      layout_basic, gammafunk_ghost_stat_death, serial_shops,
          nicolae_shop_tiny_real_fake_doors, serial_bayou_pond_b,
          minmay_misc_feat_x, minmay_misc_feat_ornament,
          chequers_serial_rivers_micro_e, uniq_crazy_yiuf_cottage, uniq_robin,
          uniq_sigmund
D:4:      layout_rooms, nemelex_diamond_rough_becter, portal_sewer_entry_f
D:5:      layout_loops_ring, minmay_temple_entry_nine_rooms, serial_shops, shop,
          shop, guppyfry_early_orc_mine

Skill      XL: |  1  2  3  4  5  6  7 |
---------------+----------------------+-----
Axes           | 2 3 4 5 6 7 |  7.0
Fighting       | 4 |  4.3
Dodging        | 1 |  1.6
Armour         | |  3.2
Shields        | |  3.2

Action                     |  1- 3 |  4- 6 |  7- 9 || total
---------------------------+-------+-------+-------++-------
  Melee: War axe           |   122 |   127 |   114 ||   363
    Use: Scroll            |     3 |     1 |     1 ||     5
         Potion            |       |       |     2 ||     2
 Armour: Scale mail        |    60 |    46 |     6 ||   112
         Chain mail        |       |       |    38 ||    38
  Dodge: Dodged            |   114 |    75 |    72 ||   261
  Block: Buckler           |    34 |    23 |    16 ||    73

Table legend:
 A = Non-vault XP
 B = Vault XP
 C = Vault XP percentage of total XP
 D = Non-vault monster count
 E = Vault monster count
 F = Vault count percentage of total count
                 A         B        C        D         E       F
            +---------+---------+-------+---------+---------+-------
      Total |     738 |     281 |  27.6 |      87 |      22 |  20.2
            +---------+---------+-------+---------+---------+-------
        D:1 |      34 |       4 |  10.5 |      23 |       1 |   4.2
        D:2 |      71 |       0 |   0.0 |      17 |       0 |   0.0
        D:3 |      41 |     265 |  86.6 |      11 |      15 |  57.7
        D:4 |     446 |      12 |   2.6 |      32 |       6 |  15.8
        D:5 |     146 |       0 |   0.0 |       4 |       0 |   0.0
            +---------+---------+-------+---------+---------+-------
